 Dungeon Crawl Stone Soup version 0.22-a0-69-g116c2a8 (webtiles) character file.

2802 Klosterheim the Spear-Bearer (level 9, -3/71 HPs)
             Began as a Demonspawn Monk on Jan 11, 2018.
             Was a Believer of Makhleb.
             Slain by an orc warrior
             ... wielding a +0 battleaxe
              (11 damage)
             ... on level 8 of the Dungeon.
             The game lasted 00:16:40 (9435 turns).

Klosterheim the Spear-Bearer (Demonspawn Monk)      Turns: 9435, Time: 00:16:41

Health: -3/71      AC: 18    Str: 15    XL:     9   Next: 44%
Magic:  14/14      EV:  8    Int: 11    God:    Makhleb [**....]
Gold:   182        SH:  0    Dex: 20    Spells: 8/8 levels left

rFire    . . .     SeeInvis .   u - +0 halberd
rCold    + . .     Gourm    +   (shield currently unavailable)
rNeg     . . .     Faith    .   D - +0 chain mail
rPois    .         Spirit   .   m - +2 helmet
rElec    .         Reflect  .   r - +0 cloak
rCorr    .         Harm     .   d - +1 pair of gloves
MR       .....                  (no boots)
Stlth    ..........             j - amulet of the gourmand
HPRegen  0.21/turn              e - +4 ring of dexterity
MPRegen  0.14/turn              t - ring of protection from cold

@: no status effects
A: hooves 1, molten scales 1, nightstalker 1
a: Minor Destruction, Renounce Religion


You were on level 8 of the Dungeon.
You worshipped Makhleb.
Makhleb was pleased with you.
You were completely stuffed.

You visited 2 branches of the dungeon, and saw 9 of its levels.

You collected 455 gold pieces.
You spent 273 gold pieces at shops.

Inventory:

Hand Weapons
 u - a +0 halberd (weapon)
Armour
 d - a +1 pair of gloves (worn)
 m - a +2 helmet (worn)
 r - a +0 cloak (worn)
 v - a +0 helmet of see invisible
 D - a +0 chain mail (worn)
Jewellery
 e - a +4 ring of dexterity (left hand)
 j - an amulet of the gourmand (around neck)
 q - an uncursed ring of positive energy
 t - a ring of protection from cold (right hand)
Wands
 i - a wand of digging (13)
 G - a wand of flame (36)
 H - a wand of acid (8)
Scrolls
 b - 7 scrolls of teleportation
 l - 2 scrolls of remove curse
 n - 2 scrolls of enchant weapon
 y - 2 scrolls of fog {unknown}
 B - a scroll of holy word {unknown}
 C - a scroll of fear {unknown}
 E - a scroll of magic mapping {unknown}
 F - a scroll of identify
Potions
 g - 3 potions of ambrosia {unknown}
 h - a potion of brilliance
 k - 2 potions of haste
 o - a potion of degeneration {unknown}
 p - 2 potions of heal wounds
 s - a potion of resistance {unknown}
 w - 3 potions of mutation {unknown}
 x - a potion of lignification {unknown}
 z - a potion of agility {unknown}
Books
 A - a book of Misfortune

   Spells                             Type                      Level
   a - Confusing Touch                Hexes                        1
   b - Confuse                        Hexes                        3
   c - Gell's Gravitas                Translocation                3
   d - Petrify                        Transmutation/Earth          4
   e - Metabolic Englaciation         Hexes/Ice                    5
   f - Yara's Violent Unravelling     Hexes/Transmutation          5
Comestibles
 c - 16 rations


   Skills:
 + Level 6.8 Fighting
 * Level 8.4 Polearms
 + Level 4.6 Armour
 - Level 2.6 Dodging
 - Level 1.7 Stealth
 + Level 6.8 Invocations


You had 8 spell levels left.
You didn't know any spells.

Dungeon Overview and Level Annotations

Branches:
Dungeon (8/15)             Temple (1/1) D:7            Lair (0/6) D:8

Altars:
Ashenzari
Cheibriados
Makhleb
Okawaru
Qazlal
Ru
Wu Jian
The Shining One

Shops:
D:5 *   D:6 [


Innate Abilities, Weirdness & Mutations

You have large cloven feet.
You are partially covered in molten scales. (AC +2)
You are slightly more attuned to the shadows.


Message History

The orc warrior hits you but does no damage.
You closely miss the orc warrior.
The orc warrior is almost dead.
The orc warrior hits you with a battleaxe!
* * * LOW HITPOINT WARNING * * *
You closely miss the orc warrior.
The orc warrior is almost dead.
The orc warrior hits you with a battleaxe!
* * * LOW HITPOINT WARNING * * *
Press: ? - help, Shift-Dir - straight line, f - orc warrior
Aim: an orc warrior, wielding a battleaxe and wearing a chain mail (almost dead)
The zap misses the orc warrior.
You barely miss the orc warrior.
You kick the orc warrior, but do no damage.
The orc warrior is almost dead.
The orc warrior hits you but does no damage.
You hit the orc warrior. Your kick misses the orc warrior.
The orc warrior is almost dead.
The orc warrior hits you with a battleaxe!
You die...

#......#............#.#...#
#....>.#............#.#...#
########............#.#...#
#............#.#...#
#............#.#...#
####..P÷P.PP...#...#
#P...P.PPPPP.#...#
#...P.....PP.#...#
#PPPP.P@..PP......#
##..P.P#o##.P......#
####..P...#.$#P...P...#
#.....P..P#.>#...P....#
#.......PP####P....#..#
#......P.PPP....P.P#..#
#.....P.PPPP..P...##..#
####..P....P.PP...##..#
#.........P.P....###..#


You could see an orc warrior.

Vanquished Creatures
  Maurice (D:8)
  A centaur skeleton (D:7)
  A yak (D:8)
  Menkaure (D:6)
  A porcupine (D:8)
  2 sky beasts (D:6)
  4 black bears
  2 phantoms
  2 ogres
  6 killer bees
  2 crimson imps
  2 hounds
  2 jellies (D:7)
  Crazy Yiuf (D:4)
  2 iguanas
  Terence (D:3)
  6 worker ants
  Robin (D:4)
  A worker ant zombie (D:6)
  4 gnolls (D:7)
  11 adders
  An adder skeleton (D:7)
  2 dart slugs (D:1)
  3 worms (D:2)
  A leopard gecko (D:1)
  7 orcs
  5 giant cockroaches
  6 goblins
  9 hobgoblins
  16 jackals
  A quokka (D:3)
  3 bats (D:1)
  5 frilled lizards
  A jackal zombie (D:3)
  7 kobolds
  A leopard gecko skeleton (D:3)
  7 rats
129 creatures vanquished.

Notes
Turn   | Place    | Note
-------+----------+-------------------------------------------
     0 | D:1      | Klosterheim the Demonspawn Monk began the quest for the Orb.
     0 | D:1      | Reached XP level 1. HP: 18/18 MP: 1/1
    86 | D:1      | Reached skill level 3 in Polearms
   207 | D:1      | Gained mutation: You are partially covered in molten scales. (AC +2) [demonic ancestry]
   207 | D:1      | Reached XP level 2. HP: 16/24 MP: 2/2
   869 | D:2      | Noticed Robin
   886 | D:2      | HP: 1/24 [poisoned by Robin]
  1126 | D:2      | Reached XP level 3. HP: 26/29 MP: 3/3
  1825 | D:2      | Reached skill level 4 in Polearms
  1825 | D:2      | Reached XP level 4. HP: 32/37 MP: 4/4
  2616 | D:3      | Noticed Terence
  2803 | D:3      | Killed Terence
  2872 | D:3      | Found a glowing golden altar of the Shining One.
  2979 | D:3      | Reached XP level 5. HP: 36/42 MP: 5/5
  3322 | D:3      | Found a burning altar of Makhleb.
  3469 | D:3      | Became a worshipper of Makhleb the Destroyer
  3469 | D:3      | Reached * piety under Makhleb
  3469 | D:3      | Reached ** piety under Makhleb
  3539 | D:4      | Found a runed door.
  3632 | D:4      | Noticed an ogre
  3723 | D:4      | Killed Robin
  4085 | D:4      | Reached skill level 1 in Invocations
  4294 | D:4      | Reached skill level 5 in Polearms
  4625 | D:4      | Reached skill level 1 in Armour
  4625 | D:4      | Gained mutation: You have large cloven feet. [demonic ancestry]
  4625 | D:4      | Reached XP level 6. HP: 45/49 MP: 7/7
  5361 | D:4      | Reached XP level 7. HP: 52/55 MP: 9/9
  5374 | D:4      | Found an iron altar of Okawaru.
  5618 | D:4      | Noticed Crazy Yiuf
  5630 | D:4      | Killed Crazy Yiuf
  5866 | D:5      | Entered Level 5 of the Dungeon
  5996 | D:5      | Found Sougum's General Store.
  6005 | D:5      | Bought a potion of invisibility for 112 gold pieces
  6005 | D:5      | Bought a +0 helmet of see invisible for 161 gold pieces
  6501 | D:6      | Found Rihil's Armour Boutique.
  6795 | D:6      | Reached skill level 5 in Fighting
  6795 | D:6      | Reached skill level 6 in Polearms
  6896 | D:6      | Noticed Menkaure
  6901 | D:6      | Killed Menkaure
  7254 | D:7      | Found a shattered altar of Ashenzari.
  7552 | D:7      | Gained mutation: You are slightly more attuned to the shadows. [demonic ancestry]
  7552 | D:7      | Reached XP level 8. HP: 59/63 MP: 11/11
  7994 | D:6      | Reached skill level 7 in Polearms
  7994 | D:6      | Reached skill level 5 in Invocations
  8623 | D:7      | Found a staircase to the Ecumenical Temple.
  8631 | Temple   | Entered the Ecumenical Temple
  8689 | D:8      | Reached XP level 9. HP: 69/69 MP: 13/13
  8926 | D:8      | Noticed Maurice
  8946 | D:8      | Killed Maurice
  8946 | D:8      | Reached skill level 8 in Polearms
  9423 | D:8      | Found a staircase to the Lair.
  9435 | D:8      | Slain by an orc warrior

Vault maps used:
D:1:      erik_arrival_cave_to_civilisation
D:2:      uniq_robin
D:3:      lightli_temple_of_fire, tso_oasis_becter, uniq_terence
D:4:      wad_river_or_something, lemuel_round_altar, interstate_on_off,
          uniq_crazy_yiuf_cottage
D:5:      first_ration, serial_shops, shop
D:6:      serial_shops, nicolae_shop_stone, uniq_menkaure
D:7:      ashenzari_altar_1, minmay_temple_entry_fiery
D:8:      old_standard_altar, grunt_lair_entry_orc_guard_hut, uniq_maurice
Temple:   zaba_magenta_temple

Skill      XL: |  1  2  3  4  5  6  7  8  9 |
---------------+----------------------------+-----
Polearms       | 3 4 5 6 7 8 |  8.4
Fighting       | 4 5 6 |  6.8
Invocations    | 1 2 4 6 |  6.8
Armour         | 1 2 4 |  4.6
Dodging        | |  2.6
Stealth        | |  1.7

Action                   |  1- 3 |  4- 6 |  7- 9 || total
-------------------------+-------+-------+-------++-------
Melee: Spear             |   166 |   324 |   245 ||   735
       Kick              |       |    28 |   107 ||   135
       Halberd           |       |       |    70 ||    70
Invok: Minor Destruction |       |     1 |    21 ||    22
  Use: Potion            |     1 |     2 |     2 ||     5
       Scroll            |       |     4 |     4 ||     8
 Stab: Sleeping          |     5 |       |       ||     5
       Invisible         |       |       |     2 ||     2
  Eat: Chunk             |     3 |    17 |    17 ||    37
Armor: Robe              |    19 |       |       ||    19
       Ring mail         |    53 |    13 |       ||    66
       Scale mail        |       |    90 |   131 ||   221
       Chain mail        |       |       |    50 ||    50
Dodge: Dodged            |   116 |   106 |   171 ||   393

Table legend:
 A = Spawn XP
 B = Non-spawn XP
 C = Spawn XP percentage of total XP
 D = Spawn monster count
 E = Non-spawn monster count
 F = Spawn count percentage of total count
 G = Total turns spent on level
                    A         B        C        D         E        F      G
               +---------+---------+-------+---------+---------+-------+---------
         Total |       0 |    4003 |   0.0 |       0 |     129 |   0.0 |  9435
               +---------+---------+-------+---------+---------+-------+---------
           D:1 |       0 |      39 |   0.0 |       0 |      23 |   0.0 |  1486
           D:2 |       0 |     112 |   0.0 |       0 |      26 |   0.0 |  1310
           D:3 |       0 |     112 |   0.0 |       0 |      14 |   0.0 |  1046
           D:4 |       0 |     517 |   0.0 |       0 |      17 |   0.0 |  2108
           D:5 |       0 |      55 |   0.0 |       0 |       2 |   0.0 |   703
           D:6 |       0 |     884 |   0.0 |       0 |      19 |   0.0 |  1238
           D:7 |       0 |     984 |   0.0 |       0 |      18 |   0.0 |   784
           D:8 |       0 |    1300 |   0.0 |       0 |      10 |   0.0 |   758
               +---------+---------+-------+---------+---------+-------+---------
